 Dungeon Crawl Stone Soup version 0.24-b1 (webtiles) character file.

Game seed: 2104095061756856188, levelgen mode: deterministic

44 Inarius the Caller (level 3, 0/19 HPs)
             Began as a Kobold Summoner on Oct 13, 2019.
             Succumbed to a hobgoblin's poison
             ... on level 2 of the Dungeon.
             The game lasted 00:02:57 (2247 turns).

Inarius the Caller (Kobold Summoner)                Turns: 2247, Time: 00:02:57

Health: 0/19       AC:  2    Str:  5    XL:     3   Next: 87%
Magic:  6/7        EV: 15    Int: 17    God:
Gold:   64         SH:  0    Dex: 15    Spells: 1/7 levels left

rFire    . . .     SeeInvis .   d - +0 dagger
rCold    . . .     Gourm    .   (shield restricted)
rNeg     . . .     Faith    .   a - +0 robe
rPois    .         Spirit   .   (no helmet)
rElec    .         Reflect  .   (no cloak)
rCorr    .         Harm     .   (no gloves)
MR       .....                  (no boots)
Stlth    ++........             (no amulet)
HPRegen  0.06/turn              (no ring)
MPRegen  0.10/turn              (no ring)

@: lethally poisoned (0 -> -1)
A: small, carnivore
a: no special abilities


You were on level 2 of the Dungeon.
You were completely stuffed.

You visited 1 branch of the dungeon, and saw 2 of its levels.

You collected 64 gold pieces.

Inventory:

Hand Weapons
 d - a +0 dagger (weapon)
Armour
 a - a +0 robe (worn)
Scrolls
 b - 2 scrolls of identify {unknown}
 e - a scroll of enchant weapon {unknown}
 f - a scroll of immolation {unknown}
 g - a scroll of teleportation {unknown}
Comestibles
 c - a ration
 h - 3 chunks of flesh


   Skills:
 + Level 0.2 Fighting
 + Level 1.2 Short Blades
 + Level 2.9 Dodging
 - Level 2.6 Stealth
 + Level 2.6 Spellcasting
 * Level 4.5 Summonings


You had one spell level left.
You knew the following spells:

 Your Spells              Type           Power        Failure   Level  Hunger
a - Summon Small Mammal   Summ           ###.         2%          1    #......
b - Call Imp              Summ           ###.....     4%          2    ##.....
c - Call Canine Familiar  Summ           ###.....     9%          3    ###....

Your spell library contained the following spells:

 Spells                   Type           Power        Failure   Level  Hunger
 Summon Guardian Golem    Hex/Summ       ##......     22%         3    ###....
 Summon Ice Beast         Ice/Summ       ##......     56%         4    #####..
 Summon Lightning Spire   Summ/Air       ##......     56%         4    #####..


Dungeon Overview and Level Annotations

Branches:
Dungeon (2/15)

Altars:


Innate Abilities, Weirdness & Mutations

You are small and have problems with some larger weapons.
You are carnivorous and can eat meat at any time.


Message History

* * * LOW HITPOINT WARNING * * *
You feel sick.
* * * LOW HITPOINT WARNING * * *
You feel sick.
There is a lethal amount of poison in your body!
There is a lethal amount of poison in your body!
There is a lethal amount of poison in your body!
* * * LOW HITPOINT WARNING * * *
You feel sick.
* * * LOW HITPOINT WARNING * * *
You feel sick.
* * * LOW HITPOINT WARNING * * *
You feel sick.
* * * LOW HITPOINT WARNING * * *
You feel sick.
The hobgoblin throws a poisoned dart.
The poisoned dart completely misses you.
The hobgoblin throws a poisoned dart.
The poisoned dart misses you.
The hobgoblin throws a poisoned dart.
The poisoned dart misses you.
You die...

#..# #..# #..##
#...# #...## #$
#....# #.#
#######....## #.#.
#.......g...#
#.#.###.#######@#.#
#.#...#.# #...#
##.# #.#(# #...#
...###...# #..÷#
...%(§#### #.#>#
.#((#...# #.#(#
#..#..#.# #...#
..#..#..# #####
.#..#...#


You could see a hobgoblin.

Vanquished Creatures
  A gnoll (D:1)
  A worm (D:2)
  A dart slug (D:1)
  2 leopard geckos
  A ball python (D:1)
  A bat (D:1)
  2 giant cockroaches (D:1)
  3 goblins (D:1)
  3 kobolds (D:1)
  A frilled lizard (D:1)
  5 rats
21 creatures vanquished.

Vanquished Creatures (collateral kills)
  An adder (D:2)
  A leopard gecko (D:2)
  A giant cockroach (D:2)
  A goblin (D:1)
  2 hobgoblins (D:1)
  3 bats
  A rat (D:2)
10 creatures vanquished.

Grand Total: 31 creatures vanquished

Notes
Turn   | Place    | Note
-------+----------+-------------------------------------------
     0 | D:1      | Inarius the Kobold Summoner began the quest for the Orb.
     0 | D:1      | Reached XP level 1. HP: 10/10 MP: 3/3
   864 | D:1      | Reached XP level 2. HP: 8/15 MP: 3/5
   990 | D:1      | Learned a level 2 spell: Call Imp
  1253 | D:1      | Reached XP level 3. HP: 14/19 MP: 6/6
  1336 | D:1      | Learned a level 3 spell: Call Canine Familiar
  1919 | D:2      | Reached skill level 1 in Short Blades
  2247 | D:2      | Succumbed to a hobgoblin's poison

Skill      XL: |  1  2  3 |
---------------+----------+-----
Short Blades   | 1 |  1.2
Fighting       | |  0.2
Dodging        | |  2.9
Stealth        | |  2.6
Spellcasting   | |  2.6
Summonings     | |  4.5

Action                   || total
-------------------------++-------
Melee: Dagger            ||   143
       Unarmed           ||     1
 Cast: Summon Small Mamm ||    11
       Call Imp          ||     6
       Call Canine Famil ||     1
 Stab: Sleeping          ||     5
       Distracted        ||     1
  Eat: Chunk             ||    13
Armor: Robe              ||    17
Dodge: Dodged            ||   128
